cohdb
Replays
Latest Replays
All Replays
Popular Replays
Top Player Replays
Match Explorer
How It Works
Community
CoH3 Stats
Reddit
Sign in to upload your games and track your stats! →
Sign in with Steam
Match 41620121
Unlisted
Match 41620121
Overview
Messages
Build Orders
End
Construct Section Command Post
Selects Canadian Shock Battlegroup
Infantry Section
Infantry Section
Selects Attacking Spirit
Selects Canadian Shock Section
Construct Platoon Command Post
Canadian Shock Section
Grenade Package
Selects Incendiary Munitions
Construct Company Command Post
6-pounder Anti-tank Gun Team
Selects Pyrotechnics
Foot Guards Section
Matilda II Heavy Tank
CMP 15cwt Truck
Infantry Training
Foot Guards Section
6-pounder Anti-tank Gun Team
Selects Churchill Crocodile Heavy Tank
Crusader II Medium Tank
LMAA||Bobdaboss
DonButtkick
BIOHAZARD
Sauzer88
0
0
Comments
sign in to comment!
No comments posted yet!